 Dungeon Crawl Stone Soup version 0.28-a0-938-gbc3f381ebc (webtiles) character file.

Game seed: 3504283213659860695

38 ytrimaz the Cudgeller (level 3, 0/23 HPs)
             Began as a Tengu Berserker on Nov 28, 2021.
             Was a Believer of Trog.
             Slain by a worm (10 damage)
             ... on level 2 of the Dungeon.
             The game lasted 00:01:42 (1558 turns).

ytrimaz the Cudgeller (Tengu Berserker)             Turns: 1558, Time: 00:01:43

Health: 0/23       AC:  3    Str: 18    XL:     3   Next: 43%
Magic:  4/4        EV: 12    Int:  7    God:    Trog [**....]
Gold:   17         SH:  0    Dex: 13    Spells: 2/2 levels left

rFire   . . .      SeeInvis .   a - +0 mace
rCold   + . .      Faith    .   (no shield)
rNeg    + . .      Spirit   .   h - +0 leather armour
rPois   .          Reflect  .   (helmet restricted)
rElec   .          Harm     .   (no cloak)
rCorr   .          Rampage  .   (no gloves)
Will    .....                   (boots unavailable)
Stlth   +.........              (no amulet)
HPRegen 0.07/turn               d - ring of positive energy
MPRegen 0.09/turn               e - ring of protection from cold

@: no status effects
A: beak, talons 3
a: Renounce Religion, Berserk, Trog's Hand


You were on level 2 of the Dungeon.
You worshipped Trog.
Trog was pleased with you.
You visited 1 branch of the dungeon, and saw 2 of its levels.

You collected 17 gold pieces.

Inventory:

Hand Weapons
 a - a +0 mace (weapon)
Armour
 b - a +0 buckler
 h - a +0 leather armour (worn)
Jewellery
 d - a ring of positive energy (left hand)
 e - a ring of protection from cold (right hand)
Potions
 f - a potion of mutation {unknown}


   Skills:
 + Level 3.4 Fighting
 + Level 4.1 Maces & Flails
 + Level 2.4 Armour
 + Level 2.4 Dodging


You had 2 spell levels left.
You didn't know any spells.
Your spell library was empty.

Dungeon Overview and Level Annotations

Branches:
Dungeon (2/15)

Altars:


Innate Abilities, Weirdness & Mutations

You have a beak for a mouth.
You have claws for feet.


Message History

You hit the dart slug. You claw the dart slug. You peck the dart slug.
The dart slug is almost dead.
You hit the dart slug but do no damage.
You claw the dart slug, but do no damage.
The dart slug is almost dead.
The dart slug bites you but does no damage.
You hit the dart slug.
You kill the dart slug!
Trog accepts your kill.
You see here a dart slug corpse.
Okay, then.
As you read the scroll labelled ELUADA ENGEUF, it crumbles to dust.
You feel strangely unstable.
It was a scroll of teleportation.
Your surroundings suddenly seem different.
HP restored.
Key pressed, stopping explore.
There is a stone staircase leading down here.
Things that are here:
a +0 short sword; a kobold skeleton Done exploring.
Done exploring.
Done exploring.
Done exploring.
There is a stone staircase leading down here.
You climb downwards.
There is a stone staircase leading up here.
A worm and a kobold come into view.
The kobold shouts!
There are monsters nearby!
There are monsters nearby!
The kobold barely misses you.
You barely miss the kobold. The kobold hits you with a +0 whip.
You sock the kobold!
You kill the kobold!
Trog accepts your kill. The worm bites you!
You hit the worm. You claw the worm.
The worm is moderately wounded.
The worm bites you!
You die...

#.## # ...#.# ..... ...
######.#####
######...@w......
...........######
###..).....######
#..............#########
............####...<......
###.......### ###########
##.....## ##...## #####


You could see a worm.

Vanquished Creatures
  2 dart slugs (D:1)
  2 ball pythons (D:1)
  4 endoplasms (D:1)
  A giant cockroach (D:1)
  3 goblins (D:1)
  7 hobgoblins (D:1)
  A quokka (D:1)
  A bat (D:1)
  2 frilled lizards (D:1)
  3 kobolds
  4 rats (D:1)
30 creatures vanquished.

Notes
Turn   | Place    | Note
-------+----------+-------------------------------------------
     0 | D:1      | ytrimaz the Tengu Berserker began the quest for the Orb.
     0 | D:1      | Reached XP level 1. HP: 14/14 MP: 2/2
   418 | D:1      | Reached XP level 2. HP: 19/19 MP: 3/3
  1038 | D:1      | Reached XP level 3. HP: 22/23 MP: 4/4
  1107 | D:1      | Reached skill level 4 in Maces & Flails
  1247 | D:1      | Reached ** piety under Trog
  1558 | D:2      | Slain by a worm

Illustrated notes

Levels and vault maps discovered:
D:1:      psy_arrival_basics, layout_loops_ring, corner_web_ring,
          bh_walls_and_bars
D:2:      layout_loops_ring, nicolae_figureground_pulse

Skill      XL: |  1  2  3 |
---------------+----------+-----
Maces & Flails | 4 |  4.1
Fighting       | |  3.4
Armour         | |  2.4
Dodging        | |  2.4

Action                   || total
-------------------------++-------
Melee: Mace              ||    65
       Kick              ||    14
       Peck              ||     6
  Use: Scroll            ||     2
 Stab: Sleeping          ||     1
Armor: Animal skin       ||     6
       Leather armour    ||     9
Dodge: Dodged            ||    41

Table legend: (Time is in decaauts)
 A = Elapsed time spent in this place.
 B = Non-inter-level travel time spent in this place.
 C = Inter-level travel time spent in this place.
 D = Time resting spent in this place.
 E = Time spent auto-exploring this place.
 F = Levels seen in this place.
 G = Mean time per level.
                   A        B        C        D        E       F      G
               +--------+--------+--------+--------+--------+-----+--------+
         Total |   1570 |   1550 |     20 |    121 |   1180 |   2 |  785.0 |
       Dungeon |   1570 |   1550 |     20 |    121 |   1180 |   2 |  785.0 |
               +--------+--------+--------+--------+--------+-----+--------+

Top non-repeatable levels by time:
     D:1: 1552 daAuts
     D:2: 18 daAuts
